 Dungeon Crawl Stone Soup version 0.23.2-1-ga50397a (webtiles) character file.

Game seed: 4503269591322920115

2460 Borgoz the Cutter (level 9, -4/61 HPs)
             Began as a Halfling Gladiator on May 25, 2019.
             Was a Priest of Okawaru.
             Slain by a gnoll sergeant
             ... wielding a +0 spear
              (7 damage)
             ... on level 8 of the Dungeon.
             The game lasted 00:07:14 (6164 turns).

Borgoz the Cutter (Halfling Gladiator)              Turns: 6164, Time: 00:07:15

Health: -4/61      AC:  8    Str: 16    XL:     9   Next: 79%
Magic:  12/12      EV: 17    Int:  6    God:    Okawaru [***...]
Gold:   387        SH:  0    Dex: 16    Spells: 8/8 levels left

rFire    . . .     SeeInvis .   k - +2 rapier (drain)
rCold    . . .     Gourm    .   (shield restricted)
rNeg     . . .     Faith    .   q - +0 ring mail
rPois    .         Spirit   .   c - +0 helmet
rElec    .         Reflect  .   m - +0 cloak
rCorr    +         Harm     .   (no gloves)
MR       .....                  (no boots)
Stlth    ++........             (no amulet)
HPRegen  0.20/turn              s - ring of resist corrosion
MPRegen  0.13/turn              u - -2 ring of strength (curse)

@: invisible
A: small, mutation resistance 1
a: Heroism, Renounce Religion


You were on level 8 of the Dungeon.
You worshipped Okawaru.
Okawaru was most pleased with you.
You were hungry.

You visited 2 branches of the dungeon, and saw 9 of its levels.

You collected 387 gold pieces.

Inventory:

Hand Weapons
 a - a +0 rapier
 k - a +2 rapier of draining (weapon)
 A - a +0 long sword of protection
Missiles
 d - 2 throwing nets (quivered)
Armour
 c - a +0 helmet (worn)
 m - a +0 cloak (worn)
 q - a +0 ring mail (worn)
Jewellery
 r - a +4 ring of intelligence
 s - a ring of resist corrosion (left hand)
 u - a cursed -2 ring of strength (right hand)
 E - an uncursed ring of positive energy {unknown}
Wands
 l - a wand of random effects (9)
 v - a wand of flame (16)
 D - a wand of acid (13)
Scrolls
 e - 3 scrolls of magic mapping {unknown}
 g - 2 scrolls of remove curse
 i - a scroll of enchant weapon
 n - 2 scrolls of random uselessness {unknown}
 o - 2 scrolls of fog {unknown}
 t - a scroll of amnesia {unknown}
 y - a scroll of immolation {unknown}
 C - 2 scrolls of identify
Potions
 b - 2 potions of brilliance
 j - a potion of lignification {unknown}
 w - a potion of heal wounds {unknown}
 x - a potion of haste {unknown}
 B - a potion of agility {unknown}
Comestibles
 f - 13 rations


   Skills:
 + Level 5.2 Fighting
 + Level 7.4 Short Blades
 - Level 2.0 Throwing
 + Level 5.6 Armour
 + Level 6.7 Dodging
 - Level 5.0 Stealth
 + Level 4.6 Invocations


You had 8 spell levels left.
You didn't know any spells.
Your spell library contained the following spells:

 Spells                   Type           Power        Failure   Level  Hunger
 Beastly Appendage        Tmut           #.....       65%         1    ##.....
 Sticks to Snakes         Tmut           #.......     80%         2    ###....
 Spider Form              Tmut/Pois      #.........   95%         3    ####...
 Ice Form                 Ice/Tmut       #.......     100%        4    #####..
 Blade Hands              Tmut           #.........   100%        5    ######.


Dungeon Overview and Level Annotations

Branches:
Dungeon (8/15)             Temple (1/1) D:4
   Lair: D:8-11

Altars:
Ashenzari
Cheibriados
Dithmenos
Elyvilon
Fedhas
Gozag
Hepliaklqana
Kikubaaqudgha
Makhleb
Nemelex Xobeh
Okawaru
Qazlal
Ru
Sif Muna
Trog
Uskayaw
Vehumet
Wu Jian
Xom
Yredelemnul
Zin
The Shining One

Annotations:
D:6 Pikel


Innate Abilities, Weirdness & Mutations

You are small and have problems with some larger weapons.
You are somewhat resistant to further mutation.


Message History

There is an open door, spattered with blood here.
Items here: ††††† a gnoll corpse; a killer bee corpse x4
You hit the gnoll.
The gnoll is heavily wounded.
You hear the slow hiss of a very distant avalanche of sand.
The gnoll sergeant closely misses you. The gnoll hits you with a +0 spear.
* * * LOW HITPOINT WARNING * * *
The gnoll misses you.
You hit the gnoll. You drain the gnoll.
You kill the gnoll!
Okawaru accepts your kill.
The gnoll sergeant hits you with a +0 spear.
* * * LOW HITPOINT WARNING * * *
You fade into invisibility!
The gnoll hits you with a +0 spear.
* * * LOW HITPOINT WARNING * * *
The crimson imp closely misses you.
The gnoll sergeant hits you with a +0 spear!
You die...

#. . #. ### .# ..
..# #'## #. #.#
#...# #.##># #.....
#.###.#..# #......
#........####g......
#.<.....@5......
#.....####g......
#....## #......
#...## #..... ##.##
#...# #. #+## #. #.


You could see a gnoll sergeant, a gnoll and a crimson imp.

Vanquished Creatures
  Sigmund (D:5)
  Eustachio (D:5)
  Edmund (D:5)
  A sky beast (D:7)
  3 ice beasts
  A slave (D:7)
  A centaur (D:7)
  4 ogres
  A bullfrog (D:8)
  A scorpion (D:7)
  5 killer bees (D:8)
  3 howler monkeys
  2 crimson imps
  A jelly (D:7)
  A quasit (D:7)
  An orc priest (D:5)
  2 hounds
  2 centaur skeletons
  Ijyb (D:5)
  3 orc wizards
  2 worker ants
  A hound skeleton (D:6)
  10 adders
  13 gnolls
  An ooze (D:1)
  A dart slug (D:1)
  10 leopard geckos
  17 orcs
  3 ball pythons
  3 giant cockroaches
  21 goblins
  10 hobgoblins
  13 jackals
  3 quokkas
  9 bats
  3 frilled lizards
  11 kobolds
  A leopard gecko zombie (D:5)
  3 rats (D:1)
171 creatures vanquished.

Notes
Turn   | Place    | Note
-------+----------+-------------------------------------------
     0 | D:1      | Borgoz the Halfling Gladiator began the quest for the Orb.
     0 | D:1      | Reached XP level 1. HP: 14/14 MP: 1/1
   143 | D:1      | Reached XP level 2. HP: 17/19 MP: 2/2
   383 | D:1      | Reached skill level 1 in Stealth
   481 | D:1      | Reached XP level 3. HP: 24/24 MP: 3/3
   482 | D:1      | Reached skill level 1 in Armour
   485 | D:1      | Reached skill level 4 in Short Blades
   923 | D:2      | Reached XP level 4. HP: 14/29 MP: 4/4
  1637 | D:2      | Found a hazy altar of Hepliaklqana.
  1638 | D:2      | Found an opulent altar of Gozag.
  1805 | D:2      | Found an iron altar of Okawaru.
  1823 | D:2      | Became a worshipper of Warmaster Okawaru
  1932 | D:3      | Reached XP level 5. HP: 32/35 MP: 5/5
  2220 | D:3      | Found a glowing golden altar of the Shining One.
  2875 | D:4      | Reached XP level 6. HP: 38/41 MP: 6/6
  2877 | D:4      | Noticed an ogre
  2890 | D:4      | Killed an ogre
  3069 | D:4      | Reached skill level 5 in Short Blades
  3130 | D:4      | Reached XP level 7. HP: 42/46 MP: 7/7
  3225 | D:4      | Found a staircase to the Ecumenical Temple.
  3248 | D:4      | Reached * piety under Okawaru
  3543 | D:5      | Entered Level 5 of the Dungeon
  3556 | D:5      | Noticed Eustachio
  3576 | D:5      | Killed Eustachio
  3576 | D:5      | Reached skill level 1 in Invocations
  3595 | D:5      | Noticed Sigmund
  3606 | D:5      | Killed Sigmund
  3606 | D:5      | Reached skill level 5 in Dodging
  3606 | D:5      | Reached XP level 8. HP: 31/54 MP: 9/9
  3788 | D:5      | Reached ** piety under Okawaru
  3880 | D:5      | Noticed Edmund
  3903 | D:5      | Killed Edmund
  3903 | D:5      | Reached skill level 6 in Short Blades
  4246 | D:5      | Noticed Ijyb
  4271 | D:5      | Killed Ijyb
  4717 | Temple   | Entered the Ecumenical Temple
  5041 | D:6      | Reached skill level 5 in Stealth
  5041 | D:6      | Reached XP level 9. HP: 54/59 MP: 11/11
  5270 | D:6      | Found a sparkling altar of Nemelex Xobeh.
  5362 | D:6      | Noticed Pikel
  5530 | D:7      | Reached *** piety under Okawaru
  5584 | D:7      | Reached skill level 5 in Armour
  5782 | D:7      | Reached skill level 7 in Short Blades
  5855 | D:7      | Reached skill level 5 in Fighting
  6164 | D:8      | HP: 3/61 [gnoll/+0 spear (2)]
  6164 | D:8      | Slain by a gnoll sergeant

Skill      XL: |  1  2  3  4  5  6  7  8  9 |
---------------+----------------------------+-----
Fighting       | 2 3 4 5 |  5.2
Stealth        | 1 2 3 4 5 |  5.0
Armour         | 1 2 3 4 5 |  5.6
Short Blades   | 4 5 6 7 |  7.4
Dodging        | 4 5 6 |  6.7
Invocations    | 1 3 4 |  4.6
Throwing       | |  2.0

Action                   |  1- 3 |  4- 6 |  7- 9 || total
-------------------------+-------+-------+-------++-------
Melee: Rapier            |   123 |   185 |   362 ||   670
Throw: Throwing net      |       |     3 |       ||     3
  Use: Scroll            |       |       |     4 ||     4
       Potion            |       |       |     2 ||     2
 Stab: Sleeping          |       |     2 |     7 ||     9
       Distracted        |       |       |     1 ||     1
  Eat: Chunk             |       |     7 |    10 ||    17
Armor: Leather armour    |    29 |     6 |       ||    35
       Ring mail         |       |    22 |    82 ||   104
Dodge: Dodged            |   137 |   144 |   331 ||   612
